 Dungeon Crawl Stone Soup version 0.22-a0-525-gf69a080 (webtiles) character file.

1230 Darkshadow the Magician (level 8, -2/66 HPs)
             Began as a Black Draconian Earth Elementalist on June 21, 2018.
             Slain by an orc warrior
             ... wielding a +0 hand axe
              (10 damage)
             ... on level 5 of the Dungeon.
             The game lasted 00:38:53 (5981 turns).

Darkshadow the Magician (DrEE)                      Turns: 5981, Time: 00:38:53

Health: -2/66      AC:  7    Str: 11    XL:     8   Next: 24%
Magic:  13/16      EV: 13    Int: 17    God:
Gold:   264        SH:  5    Dex: 12    Spells: 11/17 levels left

rFire    . . .     SeeInvis .   p - +2 dagger (elec)
rCold    . . .     Gourm    .   l - +1 buckler
rNeg     . . .     Faith    .   (armour unavailable)
rPois    .         Spirit   .   (helmet restricted)
rElec    +         Reflect  .   (no cloak)
rCorr    .         Harm     .   e - +0 pair of gloves
MR       .....                  (no boots)
Stlth    ++........             (no amulet)
HPRegen  0.21/turn              (no ring)
MPRegen  0.15/turn              (no ring)

@: no status effects
A: breathe lightning, unfitting armour, electricity resistance, cold-blooded, AC
+6
a: Breathe Lightning


You were on level 5 of the Dungeon.
You were not hungry.

You visited 1 branch of the dungeon, and saw 6 of its levels.

You collected 264 gold pieces.

Inventory:

Hand Weapons
 f - a +0 dagger
 p - a +2 dagger of electrocution (weapon)
Missiles
 b - 54 stones (quivered)
 v - 19 sling bullets
Armour
 e - a +0 pair of gloves (worn)
 l - a +1 buckler (worn)
 r - a +0 robe
Wands
 w - a wand of acid (14)
Scrolls
 a - 7 scrolls of identify {@r1}
 j - 4 scrolls of remove curse {@r2}
 m - 2 scrolls of enchant weapon
 n - 2 scrolls of amnesia {unknown}
 q - a scroll of enchant armour
 s - a scroll of random uselessness {unknown}
 t - 2 scrolls of teleportation
 y - a scroll of blinking {unknown}
 z - a scroll of fog {unknown}
Potions
 d - a potion of haste {unknown}
 g - a potion of mutation {unknown}
 i - a potion of heal wounds {unknown}
 k - a potion of flight {unknown}
 o - 2 potions of cancellation
 u - a potion of curing {unknown}
 x - a potion of lignification {unknown}
Comestibles
 c - 3 rations


   Skills:
 + Level 4.1 Fighting
 + Level 4.0 Dodging
 - Level 2.0 Stealth
 + Level 3.5 Shields
 * Level 5.4 Spellcasting
 - Level 1.0 Transmutations
 + Level 4.3 Earth Magic


You had 11 spell levels left.
You knew the following spells:

 Your Spells              Type           Power        Failure   Level  Hunger
a - Sandblast             Erth           ###...       2%          1    None
b - Passwall              Tmut/Erth      ##......     7%          2    #......
c - Stone Arrow           Conj/Erth      ##....       17%         3    ##.....

Your spell library contained the following spells:

 Spells                   Type           Power        Failure   Level  Hunger
 Spider Form              Tmut/Pois      #.........   34%         3    ##.....
 Blade Hands              Tmut           #.........   95%         5    ######.
 Ice Form                 Ice/Tmut       #.......     75%         4    ####...
 Sticks to Snakes         Tmut           #.......     14%         2    #......
 Lee's Rapid Deconstruct  Erth           ###.......   54%         5    ######.
 Petrify                  Tmut/Erth      ##......     43%         4    ####...
 Beastly Appendage        Tmut           #.....       10%         1    None


Dungeon Overview and Level Annotations

Branches:
Dungeon (6/15)
 Temple: D:4-7

Altars:
Cheibriados
Fedhas
Sif Muna
Xom

Annotations:
D:4 exclusion: downstairs, Duvessa
D:5 exclusion: downstairs


Innate Abilities, Weirdness & Mutations

You can breathe wild blasts of lightning.
Your glossy black scales are hard. (AC +6)
You cannot fit into any form of body armour.
You are resistant to electric shocks. (rElec)
You are cold-blooded and may be slowed by cold attacks.


Message History

There is a stone staircase leading down here.
Casting: Sandblast (safe; 2% risk of failure)
Confirm with . or Enter, or press ? or * to list all spells.
Aiming: Sandblast (safe; 2% risk of failure)
Press: ? - help, Shift-Dir - straight line, f - orc warrior
Aim: an orc warrior, wielding a hand axe and wearing a chain mail (severely wounded)
The blast of sand hits the orc warrior.
The orc warrior is almost dead.
b - 55 stones The orc warrior barely misses you.
Casting: Sandblast (safe; 2% risk of failure)
Confirm with . or Enter, or press ? or * to list all spells.
Aiming: Sandblast (safe; 2% risk of failure)
Press: ? - help, Shift-Dir - straight line, f/p - orc warrior
Aim: an orc warrior, wielding a hand axe and wearing a chain mail (almost dead)
The blast of sand hits the orc warrior.
The orc warrior is almost dead.
b - 54 stones The orc warrior hits you with a hand axe!
You die...

#....############+
#....###...####...
#......#..........
#......#..........
#......#..........
########..##..##.####.
##...####..##..#######.
#.<............#.......
#.....@........#.......
#....o.........'.......
#......####'#####...##.
##.....##......##...##.
#.###'###......#.......
#..............#.......
#..............#.......
#......##...##.####.##.
#......##...##.####.##.


You could see an orc warrior.

Vanquished Creatures
  A phantom (D:4)
  2 ogres (D:5)
  A water moccasin skeleton (D:5)
  A scorpion (D:3)
  5 crimson imps
  2 orc priests (D:5)
  4 orc wizards
  2 bullfrog skeletons
  10 worker ants
  A hound skeleton (D:5)
  4 gnolls (D:4)
  6 adders
  An adder skeleton (D:5)
  3 worms
  3 leopard geckos
  18 orcs
  14 bats
  4 giant cockroaches
  8 goblins
  6 hobgoblins
  13 jackals
  5 kobolds
  2 quokkas
  A ball python (D:4)
  2 frilled lizards
  2 rats (D:3)
121 creatures vanquished.

Notes
Turn   | Place    | Note
-------+----------+-------------------------------------------
     0 | D:1      | Darkshadow the Draconian Earth Elementalist began the quest for the Orb.
     0 | D:1      | Reached XP level 1. HP: 14/14 MP: 3/3
   331 | D:1      | Reached XP level 2. HP: 20/20 MP: 1/5
   659 | D:1      | Learned a level 2 spell: Passwall
   756 | D:1      | Reached XP level 3. HP: 17/27 MP: 1/6
  1295 | D:2      | Learned a level 3 spell: Stone Arrow
  1355 | D:2      | Reached skill level 1 in Fighting
  1556 | D:2      | Reached XP level 4. HP: 8/35 MP: 1/7
  1559 | D:3      | Found a snail-covered altar of Cheibriados.
  1872 | D:2      | Reached skill level 1 in Shields
  2719 | D:3      | Reached XP level 5. HP: 41/41 MP: 5/9
  2901 | D:3      | Found a shimmering altar of Xom.
  2931 | D:3      | Reached skill level 3 in Spellcasting
  3062 | D:3      | Reached XP level 6. HP: 27/48 MP: 1/11
  4088 | D:4      | Found a deep blue altar of Sif Muna.
  4452 | D:4      | Noticed Duvessa
  4502 | D:3      | Reached skill level 4 in Spellcasting
  4502 | D:3      | Your scales start taking on a glossy black colour.
  4502 | D:3      | Reached XP level 7. HP: 56/56 MP: 11/13
  4502 | D:3      | Gained mutation: You are resistant to electric shocks. (rElec) [Black Draconian growth]
  4810 | D:5      | Entered Level 5 of the Dungeon
  5378 | D:5      | Found a blossoming altar of Fedhas.
  5513 | D:5      | Reached skill level 5 in Spellcasting
  5513 | D:5      | Reached XP level 8. HP: 55/66 MP: 0/15
  5981 | D:5      | Slain by an orc warrior

Vault maps used:
D:1:      lemuel_arrival_cross, minmay_tripent
D:3:      cheibriados_altar_1, led_xom_imps
D:4:      grunt_temple_overflow_open, lemuel_round_altar,
          minmay_misc_feat_diagonals, st_stairs_8, uniq_eustachio, uniq_duvessa
D:5:      kennysheep_mini, first_ration
D:6:      minmay_temple_entry_junction_2

Skill      XL: |  1  2  3  4  5  6  7  8 |
---------------+-------------------------+-----
Dodging        | 2 3 4 |  4.0
Stealth        | 2 |  2.0
Fighting       | 1 2 3 4 |  4.1
Shields        | 1 2 3 |  3.5
Earth Magic    | 4 3 4 |  4.3
Spellcasting   | 3 4 5 |  5.4
Transmutations | |  1.0

Action                   |  1- 3 |  4- 6 |  7- 9 || total
-------------------------+-------+-------+-------++-------
Melee: Club              |    10 |       |       ||    10
       Unarmed           |     4 |       |       ||     4
       Tailslap          |    14 |     9 |    16 ||    39
       Dagger            |   103 |   144 |   118 ||   365
Throw: Stone             |     1 |     6 |     1 ||     8
 Cast: Sandblast         |    32 |    52 |    35 ||   119
       Stone Arrow       |       |       |     7 ||     7
  Use: Scroll            |       |     3 |     3 ||     6
 Stab: Sleeping          |     2 |     2 |       ||     4
  Eat: Chunk             |     3 |     8 |     3 ||    14
       Ration            |       |       |     1 ||     1
Armor: Skin              |    78 |    54 |    24 ||   156
Dodge: Dodged            |   118 |    93 |    72 ||   283
Block: Buckler           |     8 |    19 |    29 ||    56

Table legend:
 A = Spawn XP
 B = Non-spawn XP
 C = Spawn XP percentage of total XP
 D = Spawn monster count
 E = Non-spawn monster count
 F = Spawn count percentage of total count
 G = Total turns spent on level
                    A         B        C        D         E        F      G
               +---------+---------+-------+---------+---------+-------+---------
         Total |       0 |    1758 |   0.0 |       0 |     121 |   0.0 |  5981
               +---------+---------+-------+---------+---------+-------+---------
           D:1 |       0 |      48 |   0.0 |       0 |      27 |   0.0 |  1284
           D:2 |       0 |     136 |   0.0 |       0 |      18 |   0.0 |  1133
           D:3 |       0 |     388 |   0.0 |       0 |      32 |   0.0 |  1672
           D:4 |       0 |     364 |   0.0 |       0 |      18 |   0.0 |   786
           D:5 |       0 |     742 |   0.0 |       0 |      24 |   0.0 |   973
           D:6 |       0 |      80 |   0.0 |       0 |       2 |   0.0 |   133
               +---------+---------+-------+---------+---------+-------+---------
